 Dungeon Crawl Stone Soup version 0.21.0-3-g78d12a8bdd (webtiles) character file.

686 Cral the Archer (level 7, 0/55 HPs)
             Began as a Centaur Hunter on Jan 9, 2018.
             Was an Initiate of Okawaru.
             Killed from afar by an orc wizard (6 damage)
             ... with a magic dart
             ... on level 5 of the Dungeon.
             The game lasted 00:06:44 (5972 turns).

Cral the Archer (Centaur Hunter)                    Turns: 5972, Time: 00:06:45

Health: 0/55       AC:  8    Str: 14    XL:     7   Next: 35%
Magic:  7/7        EV:  9    Int: 10    God:    Okawaru [......]
Gold:   250        SH:  0    Dex: 12    Spells: 6/6 levels left

rFire    . . .     SeeInvis .   b - +0 dagger (protect)
rCold    . . .     Gourm    .   (no shield)
rNeg     . . .     Faith    .   y - +2 leather armour {rPois}
rPois    +         Spirit   .   (no helmet)
rElec    .         Reflect  .   (no cloak)
rCorr    .         Harm     .   x - +1 pair of gloves
MR       .....                  (no barding)
Stlth    +.........             (no amulet)
HPRegen  0.18/turn              (no ring)
MPRegen  0.10/turn              (no ring)

@: very quick
A: large, hooves 3, deformed body, speed 2, tough skin 3
a: Renounce Religion


You were on level 5 of the Dungeon.
You worshipped Okawaru.
Okawaru was noncommittal.
You were very hungry.

You visited 2 branches of the dungeon, and saw 6 of its levels.

You collected 250 gold pieces.

Inventory:

Hand Weapons
 a - a +1 shortbow
 b - a +0 dagger of protection (weapon)
 d - a +0 short sword
 v - the +4 Vampire's Tooth {vamp}
   (You found it on level 4 of the Dungeon)

   It inflicts no extra harm, but heals its wielder when it wounds a living foe.
 w - a +0 shortbow
Missiles
 l - 46 arrows
Armour
 x - a +1 pair of gloves (worn)
 y - a +2 leather armour of poison resistance (worn)
Wands
 q - a wand of disintegration (17)
Scrolls
 h - 5 scrolls of identify {unknown}
 i - a scroll of enchant armour {unknown}
 m - 2 scrolls of teleportation {unknown}
 n - 2 scrolls of remove curse {unknown}
 p - a scroll of blinking {unknown}
 r - a scroll of enchant weapon {unknown}
 s - a scroll of random uselessness {unknown}
 u - 3 scrolls of fear {unknown}
 z - a scroll of magic mapping {unknown}
Potions
 e - 2 potions of curing
 g - 3 potions of heal wounds {unknown}
 j - 2 potions of mutation {unknown}
 k - a potion of brilliance {unknown}
 o - a potion of lignification {unknown}
Books
 t - a book of Cantrips

   Spells                             Type                      Level
   a - Confusing Touch                Hexes                        1
   b - Animate Skeleton               Necromancy                   1
   c - Summon Small Mammal            Summoning                    1
   d - Apportation                    Translocation                1
Comestibles
 f - 5 rations


   Skills:
 - Level 2.0 Fighting
 + Level 11.5 Bows
 - Level 1.4 Dodging
 - Level 0.4 Stealth


You had 6 spell levels left.
You didn't know any spells.

Dungeon Overview and Level Annotations

Branches:
Dungeon (5/15)             Temple (1/1) D:5

Altars:
Ashenzari
Dithmenos
Elyvilon
Fedhas
Gozag
Kikubaaqudgha
Makhleb
Okawaru
Qazlal
Ru
Trog
Xom
Yredelemnul


Innate Abilities, Weirdness & Mutations

You have hooves in place of feet.
Armour fits poorly on your strangely shaped body.
You cover ground very quickly.
You have extremely tough skin. (AC +3)


Message History

The killer bee zombie closely misses you.
Unknown command.
You closely miss the killer bee zombie. You kick the killer bee zombie!
You destroy the killer bee zombie!
Okawaru accepts your kill.
You hear some strange, mumbled words.
A puff of flame appears from out of thin air!
The puff of flame hits you!
* * * LOW HITPOINT WARNING * * *
You hear some strange, mumbled words.
A puff of flame appears from out of thin air!
The puff of flame hits you!
* * * LOW HITPOINT WARNING * * *
You see here a whip.
A puff of frost appears from out of thin air!
The puff of frost hits you!
* * * LOW HITPOINT WARNING * * *
A magic dart appears from out of thin air!
The magic dart hits you!
You die...

##.## #.S.....####
#...## #.#####S#
.....####.# #.#
..........# ###.###
......#...###.....# #
#...#.#.#..##.#...# .#
#†......##.##.##.###.#
......o.#.........#..#
#...#.#.........@..).#
##..#.###..⌠...⌠..#..#
.......>#.........#..#
.#...........>.......#
......###.........#....
........#..⌠...⌠..##.##
.##.###...........)..#
.##.# ###.........#.[#
.##.# ##.##.##.###.#


You could see an adder.

Vanquished Creatures
  An ogre (D:3)
  A centaur (D:4)
  2 vampire bats (D:4)
  2 hounds
  4 orc priests
  2 orc wizards
  A worker ant (D:4)
  A killer bee zombie (D:5)
  A gnoll (D:1)
  5 adders
  2 oozes
  3 worms
  A dart slug (D:2)
  2 leopard geckos
  8 orcs
  A ball python (D:2)
  4 giant cockroaches
  12 goblins
  7 hobgoblins
  6 jackals
  3 quokkas
  12 bats
  6 frilled lizards
  7 kobolds (D:1)
  12 rats
106 creatures vanquished.

Notes
Turn   | Place    | Note
-------+----------+-------------------------------------------
     0 | D:1      | Cral the Centaur Hunter began the quest for the Orb.
     0 | D:1      | Reached XP level 1. HP: 17/17 MP: 1/1
   145 | D:1      | Reached XP level 2. HP: 22/24 MP: 2/2
   270 | D:1      | Reached skill level 6 in Bows
   563 | D:1      | Reached XP level 3. HP: 11/29 MP: 3/3
  1009 | D:2      | Reached skill level 7 in Bows
  1229 | D:2      | Reached XP level 4. HP: 19/36 MP: 4/4
  2073 | D:3      | Reached skill level 8 in Bows
  2249 | D:3      | Reached XP level 5. HP: 31/41 MP: 5/5
  3054 | D:3      | Reached skill level 9 in Bows
  3408 | D:3      | Found an opulent altar of Gozag.
  3410 | D:3      | Found a blossoming altar of Fedhas.
  3594 | D:4      | Reached XP level 6. HP: 18/48 MP: 6/6
  3947 | D:4      | Found the +4 Vampire's Tooth {vamp}
  4001 | D:4      | Reached skill level 10 in Bows
  5021 | D:4      | Reached skill level 11 in Bows
  5021 | D:4      | Reached XP level 7. HP: 15/55 MP: 7/7
  5809 | D:5      | Entered Level 5 of the Dungeon
  5869 | D:5      | Found a staircase to the Ecumenical Temple.
  5891 | Temple   | Entered the Ecumenical Temple
  5914 | Temple   | Became a worshipper of Warmaster Okawaru
  5972 | D:5      | Killed from afar by an orc wizard

Skill      XL: |  1  2  3  4  5  6 |
---------------+-------------------+-----
Bows           | 6 7 8 9 11 | 11.5
Fighting       | |  2.0
Dodging        | |  1.4
Stealth        | |  0.4

Action                   |  1- 3 |  4- 6 |  7- 9 || total
-------------------------+-------+-------+-------++-------
Melee: Short sword       |    18 |       |       ||    18
       Kick              |    25 |    55 |    18 ||    98
       Dagger            |    95 |   273 |    62 ||   430
 Fire: Shortbow          |    83 |    12 |     3 ||    98
  Use: Potion            |       |     1 |       ||     1
  Eat: Chunk             |       |     5 |     1 ||     6
       Ration            |       |     2 |       ||     2
Armor: Leather armour    |    43 |   168 |    45 ||   256
Dodge: Dodged            |    53 |   146 |    38 ||   237
